 Dungeon Crawl Stone Soup version 0.21-a0-70-g32e1473 (console) character file.

2710 removed the Destroyer (level 9, -7/72 HPs)
             Began as a Demigod Conjurer on June 18, 2017.
             Mangled by a six-headed hydra (15 damage)
             ... on level 5 of the Dungeon.
             The game lasted 00:11:59 (5643 turns).

removed the Destroyer (Demigod Conjurer)            Turns: 5643, Time: 00:12:00

Health: -7/72      AC:  8    Str:  9    XL:     9   Next: 16%
Magic:  21/21      EV: 12    Int: 25    God:
Gold:   288        SH:  0    Dex: 16    Spells: 12/19 levels left

rFire    . . .     SeeInvis .   a - +3 falchion {flame, rC+++ rN+ Str-2 Stlth-} (curse)
rCold    + + +     Gourm    .   (no shield)
rNeg     + . .     Faith    .   f - +0 robe
rPois    .         Spirit   .   (no helmet)
rElec    .         Reflect  .   E - +2 cloak
rCorr    .         Harm     .   L - +2 pair of gloves
MR       .....                  (no boots)
Stlth    +.........             j - amulet of regeneration
HPRegen  0.62/turn              x - +4 ring of slaying
MPRegen  0.17/turn              (no ring)

@: no status effects
A: high mp 1
a: no special abilities


You were on level 5 of the Dungeon.
You were not hungry.

You visited 1 branch of the dungeon, and saw 6 of its levels.
You also visited: Sewer.

You collected 288 gold pieces.

Inventory:

Hand Weapons
 a - the cursed +3 falchion "Udaoth" (weapon) {flame, rC+++ rN+ Str-2 Stlth-}
   (You found it on level 4 of the Dungeon)

   It has been specially enchanted to burn those struck by it, causing extra
   injury to most foes and up to half again as much damage against particularly
   susceptible opponents.
   Big, fiery blades are also staple armaments of hydra-hunters.
   It affects your strength (-2).
   It renders you almost immune to cold.
   It protects you from negative energy.
   It makes you less stealthy.
   It has a curse placed upon it.
 A - a +0 spear
 F - the +4 mace of Uncertain Death {pain, rElec rF+ rC-, unknown}
   (You found it on level 4 of the Dungeon)

   In the hands of one skilled in necromantic magic, it inflicts extra damage on
   living creatures.
   It protects you from fire.
   It makes you vulnerable to cold.
   It insulates you from electricity.
Armour
 f - a +0 robe (worn)
 E - a +2 cloak (worn)
 L - a +2 pair of gloves (worn)
 Q - the cursed +1 chain mail of Salvation {rElec, unknown}
   (You found it on level 6 of the Dungeon)

   It insulates you from electricity.
   It has a curse placed upon it.
Magical Staves
 I - an uncursed staff of earth {unknown}
Jewellery
 j - an amulet of regeneration (around neck)
 w - an uncursed amulet of the gourmand
 x - a +4 ring of slaying (left hand)
 D - an uncursed amulet of guardian spirit {unknown}
 H - an uncursed ring of positive energy {unknown}
 M - a +3 ring of intelligence {unknown}
Wands
 y - a wand of lightning (7/15)
 B - a wand of lightning (5/15)
Scrolls
 k - a scroll of remove curse
 n - a scroll of random uselessness {unknown}
 r - 4 scrolls of amnesia {unknown}
 t - a scroll of enchant armour
 u - a scroll of immolation {unknown}
Potions
 e - 2 potions of magic {unknown}
 o - a potion of curing {unknown}
 p - a potion of brilliance {unknown}
 q - a potion of mutation
 s - 2 potions of agility
 J - a potion of berserk rage {unknown}
 N - a potion of invisibility {unknown}
 O - a potion of lignification {unknown}
 P - a potion of ambrosia {unknown}
Books
 b - a book of Conjurations

   Spells                             Type                      Level
   a - Magic Dart                     Conjuration                  1
   b - Searing Ray                    Conjuration                  2
   c - Dazzling Spray                 Conjuration/Hexes            3
   d - Fulminant Prism                Conjuration/Hexes            4
   e - Force Lance                    Conjuration/Translocation    4
   f - Iskenderun's Mystic Blast      Conjuration                  4
Comestibles
 c - 4 bread rations
 d - 5 meat rations
 g - 4 royal jellies
 R - a chunk of flesh


   Skills:
 - Level 4.4 Fighting
 - Level 1.7 Dodging
 - Level 1.7 Stealth
 - Level 5.5 Spellcasting
 + Level 9.9 Conjurations


You had 12 spell levels left.
You knew the following spells:

 Your Spells              Type           Power        Failure   Level  Hunger
a - Magic Dart            Conj           ####         1%          1    None
b - Searing Ray           Conj           ######       1%          2    None
c - Iskenderun's Mystic   Conj           ######..     1%          4    ###....


Dungeon Overview and Level Annotations

Branches:
Dungeon (6/15)             Temple (0/1) D:6

Shops:
D:5 (

Annotations:
D:6 Gorglomux's ghost, novice GnWr


Innate Abilities, Weirdness & Mutations

You have an increased reservoir of magic. (+10% MP)


Message History

You see here a falchion.
Things that are here:
a giant club x2
The sky beast flickers out of sight!
Things that are here:
a hand axe; a ring mail
There is a stone staircase leading up here.
Okay, then.
The six-headed hydra bites you! The six-headed hydra bites you.
The six-headed hydra completely misses you.
The six-headed hydra misses you.
The six-headed hydra bites you but does no damage.
The six-headed hydra bites you!
You climb upwards.
There is a stone staircase leading down here.
The six-headed hydra bites you! x2; The six-headed hydra bites you.
The six-headed hydra bites you!
* * * LOW HITPOINT WARNING * * *
The six-headed hydra bites you!
You die...

####### #.....#
###'###.#######
#≈≈.≈≈#.@>....#####
#≈#.#≈#<.D........#
#≈.∩.≈#.......###.##
#≈#)#≈##.###### #..##
#≈≈.≈≈#......# ##..#####
###'###......# ##......
#.....#......#########...
#...........##...........
#.....#.#.........###...#


You could see a six-headed hydra.

Vanquished Creatures
  A two-headed ogre (D:6)
  Grinder (D:5)
  Sigmund (D:5)
  Edmund (D:5)
  A water moccasin (D:5)
  An orc warrior (D:5)
  A sky beast (D:6)
  5 ogres
  A phantom (D:5)
  A centaur (D:6)
  A crocodile (Sewer)
  A bullfrog (D:6)
  A scorpion (D:4)
  A howler monkey (D:5)
  2 crimson imps (D:5)
  A hound (D:6)
  Crazy Yiuf (D:4)
  2 orc priests
  Terence (D:2)
  Ijyb (D:4)
  An orc wizard (D:5)
  4 worker ants
  A worker ant zombie (D:5)
  6 adders
  A shadow imp (D:6)
  An ooze (D:1)
  2 worms (D:5)
  A dart slug (D:2)
  3 leopard geckos
  11 orcs
  A ball python (D:2)
  4 giant cockroaches
  5 goblins
  5 hobgoblins
  5 jackals
  5 kobolds
  3 quokkas
  10 bats
  A frilled lizard (D:1)
  A jackal zombie (D:5)
  A leopard gecko skeleton (D:4)
  6 rats
104 creatures vanquished.

Notes
Turn   | Place    | Note
-------+----------+-------------------------------------------
     0 | D:1      | removed the Demigod Conjurer began the quest for the Orb.
     0 | D:1      | Reached XP level 1. HP: 14/14 MP: 5/5
    96 | D:1      | Reached skill level 4 in Conjurations
   345 | D:1      | Reached XP level 2. HP: 20/20 MP: 4/7
   728 | D:1      | Learned a level 2 spell: Searing Ray
  1256 | D:2      | Found a faded altar of an unknown god.
  1450 | D:2      | Noticed Terence
  1461 | D:2      | Killed Terence
  1461 | D:2      | Reached skill level 5 in Conjurations
  1461 | D:2      | Reached XP level 3. HP: 26/26 MP: 3/8
  1755 | D:2      | Found a sparkling altar of Nemelex Xobeh.
  1911 | D:3      | Found an iron altar of Okawaru.
  2153 | D:3      | Reached XP level 4. HP: 33/33 MP: 3/9
  2854 | D:4      | Reached skill level 6 in Conjurations
  2854 | D:4      | Reached XP level 5. HP: 38/38 MP: 4/10
  2935 | D:4      | Noticed Ijyb
  2942 | D:4      | Killed Ijyb
  3008 | D:4      | Noticed an ogre
  3013 | D:4      | Killed an ogre
  3104 | D:4      | Got an ichor-stained falchion
  3105 | D:4      | Identified the cursed +3 falchion "Udaoth" {flame, rC+++ rN+ Str-2 Stlth-} (You found it on level 4 of the Dungeon)
  3108 | D:4      | Found a radiant altar of Vehumet.
  3143 | D:4      | Reached XP level 6. HP: 38/45 MP: 6/11
  3211 | D:4      | Reached skill level 7 in Conjurations
  3235 | D:4      | Learned a level 4 spell: Iskenderun's Mystic Blast
  3329 | D:4      | Found a runed door.
  3380 | D:4      | Found a glowing golden altar of the Shining One.
  3567 | D:4      | Noticed Crazy Yiuf
  3571 | D:4      | Killed Crazy Yiuf
  3582 | D:4      | Got a crude mace
  3613 | D:5      | Entered Level 5 of the Dungeon
  3613 | D:5      | Noticed Edmund
  3623 | D:5      | Killed Edmund
  3651 | D:5      | Found a glowing drain.
  3752 | Sewer    | Entered a sewer
  3830 | Sewer    | Reached XP level 7. HP: 50/50 MP: 8/15
  4002 | D:5      | Found Poijat's Antique Weapon Shoppe.
  4011 | D:5      | Found a radiant altar of Vehumet.
  4076 | D:5      | Noticed Grinder
  4086 | D:5      | Paralysed by Grinder for 4 turns
  4093 | D:5      | Paralysed by Grinder for 7 turns
  4100 | D:5      | Killed Grinder
  4100 | D:5      | Reached skill level 5 in Spellcasting
  4327 | D:5      | Reached skill level 8 in Conjurations
  4327 | D:5      | Reached XP level 8. HP: 47/57 MP: 1/19
  4697 | D:5      | Noticed Sigmund
  4708 | D:5      | Killed Sigmund
  4708 | D:5      | Reached skill level 9 in Conjurations
  4988 | D:6      | Found a staircase to the Ecumenical Temple.
  5180 | D:6      | Got a faintly glowing chain mail
  5248 | D:6      | Noticed Gorglomux's ghost (novice GnWr)
  5422 | D:6      | Noticed a two-headed ogre
  5428 | D:6      | Killed a two-headed ogre
  5428 | D:6      | Reached XP level 9. HP: 54/72 MP: 5/21
  5604 | D:6      | Noticed a six-headed hydra
  5643 | D:5      | Mangled by a six-headed hydra

Vault maps used:
D:1:      shiori_arrival_oz, interstate_on_off
D:2:      chequers_ecumenical_altar_island, serial_glass, glass_columns_b,
          glass_columns_a, kennysheep_small_spiral,
          nemelex_diamond_rough_becter, uniq_terence
D:3:      okawaru_gym_becter
D:4:      nicolae_overflow_crystal_walls, tso_altar, uniq_ijyb,
          uniq_crazy_yiuf_cottage
D:5:      serial_shops, kennysheep_little_box, first_bread,
          cheibrodos_sewer_entry_drain, basic_altar, guppyfry_early_orc_mine,
          uniq_sigmund, uniq_edmund, uniq_grinder
D:6:      kennysheep_big_flooded_room, minmay_temple_entry_statues_fountains
Sewer:    sewer_big_baddie

Skill      XL: |  1  2  3  4  5  6  7  8 |
---------------+-------------------------+-----
Conjurations   | 4 5 6 7 8 9 |  9.9
Spellcasting   | 3 5 |  5.5
Fighting       | 4 |  4.4
Dodging        | |  1.7
Stealth        | |  1.7

Action                   |  1- 3 |  4- 6 |  7- 9 || total
-------------------------+-------+-------+-------++-------
Melee: Spear             |     4 |     1 |       ||     5
       Falchion          |       |     4 |    13 ||    17
 Cast: Magic Dart        |    71 |    42 |    74 ||   187
       Searing Ray       |     1 |    12 |    13 ||    26
       Iskenderun's Myst |       |       |     8 ||     8
  Use: Scroll            |       |     4 |     1 ||     5
  Eat: Chunk             |     5 |     6 |     6 ||    17
Armor: Robe              |     5 |     6 |     8 ||    19
Dodge: Dodged            |     9 |    11 |    16 ||    36
       Rpst.: Falchion   |       |     3 |     4 ||     7
